 Dungeon Crawl Stone Soup version 0.26-a0-519-gb2f46efeda (webtiles) character file.

Game seed: 7427086274108111035

50 P0NYSLAYSTATION the Chopper (level 3, 0/34 HPs)
             Began as a Hill Orc Monk on Aug 11, 2020.
             Slain by a gnoll (5 damage)
             ... on level 4 of the Dungeon.
             The game lasted 00:05:36 (1024 turns).

P0NYSLAYSTATION the Chopper (Hill Orc Monk)         Turns: 1024, Time: 00:05:36

Health: 0/34       AC:  3    Str: 14    XL:     3   Next: 79%
Magic:  3/3        EV: 12    Int: 10    God:
Gold:   30         SH:  0    Dex: 13    Spells: 2/2 levels left

rFire    . . .     SeeInvis .   a - +0 hand axe
rCold    . . .     Faith    .   (no shield)
rNeg     . . .     Spirit   .   d - +0 leather armour (curse)
rPois    .         Reflect  .   (no helmet)
rElec    .         Harm     .   (no cloak)
rCorr    .                      (no gloves)
MR       .....                  (no boots)
Stlth    ++........             (no amulet)
HPRegen  0.11/turn              (no ring)
MPRegen  0.08/turn              (no ring)

@: no status effects
A: no striking features
a: no special abilities


You were on level 4 of the Dungeon.
You visited 1 branch of the dungeon, and saw 4 of its levels.

You collected 30 gold pieces.

Inventory:

Hand Weapons
 a - a +0 hand axe (weapon)
Armour
 b - a +0 robe
 d - a cursed +0 leather armour (worn)
Wands
 f - a wand of iceblast (12)
Scrolls
 c - a scroll of amnesia {unknown}
 e - 3 scrolls of teleportation {unknown}


   Skills:
 + Level 4.4 Fighting
 + Level 4.9 Axes
 + Level 0.2 Armour
 + Level 2.6 Dodging
 + Level 1.7 Stealth


You had 2 spell levels left.
You didn't know any spells.
Your spell library was empty.

Dungeon Overview and Level Annotations

Branches:
Dungeon (4/15)
 Temple: D:4-7

Altars:
Hepliaklqana

Annotations:
D:4 Menkaure


Message History

You are too injured to fight recklessly!
You are too injured to fight recklessly!
You are too injured to fight recklessly!
You are too injured to fight recklessly!
You are too injured to fight recklessly!
You are too injured to fight recklessly!
You are too injured to fight recklessly!
You are too injured to fight recklessly!
You are too injured to fight recklessly!
There are monsters nearby!
The gnoll hits you. The gnoll hits you but does no damage.
You barely miss the gnoll.
The gnoll is severely wounded.
The gnoll closely misses you.
The gnoll hits you from afar with a +0 spear!
* * * LOW HITPOINT WARNING * * *
You hit the gnoll but do no damage.
The gnoll is severely wounded.
The gnoll hits you.
You die...

#...<...# #.#####.#
######.#####.#
####.........##.#
#.......#.##.##.###
#.##.##.#.#.......#
##.##.#.........#
#..##.###..####.## #
#@###.# #.........
#.#g###.###.#####.##
#..gg...##........#
###.######........##
#.# #.......### #>#
#.......##. ...
#.......#.. ...
#.......... ...
#.......#.(


You could see 3 gnolls.

Vanquished Creatures
  A gnoll (D:4)
  2 adders
  An adder skeleton (D:4)
  A leopard gecko (D:4)
  A ball python (D:3)
  2 giant cockroaches
  A hobgoblin (D:1)
  4 jackals (D:4)
  2 bats
  A kobold (D:1)
  2 rats (D:1)
18 creatures vanquished.

Notes
Turn   | Place    | Note
-------+----------+-------------------------------------------
     0 | D:1      | P0NYSLAYSTATION the Hill Orc Monk began the quest for the
                  | Orb.
     0 | D:1      | Reached XP level 1. HP: 19/19 MP: 1/1
   252 | D:2      | HP: 1/20 [adder (4)]
   253 | D:2      | Reached XP level 2. HP: 2/27 MP: 2/2
   586 | D:4      | Noticed Menkaure
   671 | D:4      | Reached XP level 3. HP: 14/34 MP: 3/3
   939 | D:4      | Found a hazy altar of Hepliaklqana.
  1024 | D:4      | Slain by a gnoll

Illustrated notes

Levels and vault maps discovered:
D:1:      tarquinn_simple_flora_water_a, layout_loops_ring
D:2:      layout_rooms, grunt_dithmenos_smoke_and_mirrors, ashenzari_altar_1,
          chequers_ecumenical_altar_island
D:3:      layout_basic, uniq_grinder, uniq_robin
D:4:      layout_loops_cross, lemuel_round_altar, biasface_ghost_orc_armoury,
          uniq_menkaure

Skill      XL: |  1 |
---------------+----+-----
Fighting       | 4 |  4.4
Axes           | |  4.9
Armour         | |  0.2
Dodging        | |  2.6
Stealth        | |  1.7

Action                   || total
-------------------------++-------
Melee: Hand axe          ||    87
  Use: Scroll            ||     1
 Stab: Sleeping          ||     1
Armor: Robe              ||     8
       Leather armour    ||    16
Dodge: Dodged            ||    78

Table legend: (Time is in decaauts)
 A = Elapsed time spent in this place.
 B = Non-inter-level travel time spent in this place.
 C = Inter-level travel time spent in this place.
 D = Time resting spent in this place.
 E = Time spent auto-exploring this place.
 F = Levels seen in this place.
 G = Mean time per level.
                   A        B        C        D        E       F      G
               +--------+--------+--------+--------+--------+-----+--------+
         Total |   1030 |   1025 |      5 |    496 |    214 |   4 |  257.5 |
       Dungeon |   1030 |   1025 |      5 |    496 |    214 |   4 |  257.5 |
               +--------+--------+--------+--------+--------+-----+--------+

Top non-repeatable levels by time:
     D:4: 477 daAuts
     D:2: 286 daAuts
     D:1: 242 daAuts
     D:3: 24 daAuts
